 Dungeon Crawl Stone Soup version 0.31-a0-1074-g0b22e4e0f1 (webtiles) character file.

Game seed: 16386623890685145646

5 bmb222 the Trooper (level 1, -1/18 HPs)
             Began as a Demonspawn Chaos Knight on Nov 27, 2023.
             Was a Plaything of Xom.
             Slain by a quokka (4 damage)
             ... on level 1 of the Dungeon.
             The game lasted 00:00:26 (159 turns).

bmb222 the Trooper (Demonspawn Chaos Knight)         Turns: 159, Time: 00:00:27

Health: -1/18      AC:  5    Str: 12    XL:     1   Next: 66%
Magic:  1/1        EV: 10    Int: 13    God:    Xom [..*...]
Gold:   26         SH:  0    Dex: 12    Spells: 0/0 levels left

rFire   . . .        a - +0 falchion (chaos)
rCold   . . .        (no shield)
rNeg    . . .        d - +0 ring mail
rPois   .            (no helmet)
rElec   .            (no cloak)
rCorr   .            (no gloves)
SInv    .            (no boots)
Will    .....        (no amulet)
Stlth   +            (no ring)
HPRegen 0.23/turn    (no ring)
MPRegen 0.07/turn

%: no passive effects
@: no status effects
A: no striking features
a: Renounce Religion


You were on level 1 of the Dungeon.
You worshipped Xom.
You were a toy of Xom.
You visited 1 branch of the dungeon, and saw 1 of its levels.

You collected 26 gold pieces.

Inventory:

Hand Weapons
 a - a +0 falchion of chaos (weapon)
Armour
 b - a +2 leather armour
 d - a +0 ring mail (worn)
Scrolls
 c - a scroll of butterflies
 f - a scroll of identify {unknown}
Potions
 e - a potion of attraction {unknown}


   Skills:
 + Level 3.1 Fighting
 + Level 2.8 Long Blades
 * Level 1.9 Armour
 - Level 0.8 Dodging


You couldn't memorise any spells.
You didn't know any spells.
Your spell library was empty.

Dungeon Overview and Level Annotations

Branches:
Dungeon (1/15)

Altars:


Message History

Xom is amused.
The quokka bites you but does no damage.
You closely miss the quokka. The quokka closely misses you.
The quokka bites you.
You completely miss the quokka. The quokka bites you.
You miss the quokka.
The quokka bites you but does no damage.
The quokka bites you.
You barely miss the quokka. The quokka bites you.
You are too injured to fight recklessly!
You are too injured to fight recklessly!
You are too injured to fight recklessly!
You are too injured to fight recklessly!
You are too injured to fight recklessly!
You are too injured to fight recklessly!
A quokka is nearby!
A quokka is nearby!
You are too injured to fight recklessly!
You closely miss the quokka. The quokka bites you.
You miss the quokka. The quokka bites you.
* * * LOW HITPOINT WARNING * * *
The quokka closely misses you.
You closely miss the quokka. The quokka closely misses you.
You barely miss the quokka. The quokka barely misses you. The quokka bites you.
* * * LOW HITPOINT WARNING * * *
You hit the quokka. You burn the quokka.
The quokka is almost dead.
The quokka bites you but does no damage.
You hit the quokka but do no damage.
The quokka is almost dead.
The quokka twitches its whiskers.
The quokka bites you but does no damage. x2
You miss the quokka.
The quokka is almost dead.
The quokka barely misses you.
You miss the quokka.
The quokka is almost dead.
The quokka bites you.
You die... "What!?
That's it?"

...####)##
#........#
#.#####..#
#.#####†.#
#........#
########.#########
#.........#
#########.# #@#
#..r..# #.....#
.........
..#.....##.
#.###...).. # #
##.##### #.


You could see a quokka (agile).

Vanquished Creatures
  A hobgoblin (D:1)
  3 bats (D:1)
  A frilled lizard (D:1)
  A goblin (D:1)
6 creatures vanquished.

Notes
Turn   | Place    | Note
-------+----------+-------------------------------------------
     0 | D:1      | bmb222 the Demonspawn Chaos Knight began the quest for the
                  | Orb.
     0 | D:1      | Reached XP level 1. HP: 18/18 MP: 1/1
   159 | D:1      | Slain by a quokka

Illustrated notes

Levels and vault maps discovered:
D:1:      dpeg_arrival_rooms_c, layout_loops_ring

Action                     || total
---------------------------++-------
  Melee: Falchion          ||    28
 Armour: Ring mail         ||    14
         Leather armour    ||    10
  Dodge: Dodged            ||    21

Table legend: (Time is in decaauts)
 A = Elapsed time spent in this place.
 B = Non-inter-level travel time spent in this place.
 C = Inter-level travel time spent in this place.
 D = Time resting spent in this place.
 E = Time spent auto-exploring this place.
 F = Levels seen in this place.
 G = Mean time per level.
                   A        B        C        D        E       F      G
               +--------+--------+--------+--------+--------+-----+--------+
         Total |    163 |    163 |      0 |      0 |     77 |   1 |  163.0 |
       Dungeon |    163 |    163 |      0 |      0 |     77 |   1 |  163.0 |
               +--------+--------+--------+--------+--------+-----+--------+

Top non-repeatable levels by time:
     D:1: 163 daAuts
